 Dungeon Crawl Stone Soup version 0.30-a0-772-g5528072125 (webtiles) character file.

Game seed: 16226115968402762038

176 Crownlay the Digger (level 5, -4/25 HPs)
             Began as a Gargoyle Earth Elementalist on Feb 12, 2023.
             Was an Initiate of Gozag.
             Slain by Edmund
             ... wielding a +0 heavy flail
              (12 damage)
             ... on level 4 of the Dungeon.
             The game lasted 00:04:04 (2546 turns).

Crownlay the Digger (Gargoyle Earth Elementalist)   Turns: 2546, Time: 00:04:05

Health: -4/25      AC: 10    Str: 12    XL:     5   Next: 56%
Magic:  2/11       EV: 11    Int: 17    God:    Gozag
Gold:   110        SH:  0    Dex: 10    Spells: 8/12 levels left

rFire   . . .      SeeInvis .    f - +0 short sword (elec)
rCold   . . .      Faith    .    (no shield)
rNeg    + . .      Spirit   .    a - +0 robe
rPois   ∞          Reflect  .    (no helmet)
rElec   +          Harm     .    o - +2 cloak
rCorr   .          Rampage  .    (no gloves)
Will    .....                    g - +0 pair of boots
Stlth   ++                       (no amulet)
HPRegen 0.24/turn                (no ring)
MPRegen 0.12/turn                (no ring)

@: gold aura
A: sickness immunity, AC +4, negative energy resistance 1, electricity
resistance, torment resistance 1, petrification resistance, frail 1, sturdy
frame 1
a: Renounce Religion, Potion Petition, Call Merchant, Bribe Branch


You were on level 4 of the Dungeon.
You worshipped Gozag.
Gozag was aware of your devotion.
You visited 1 branch of the dungeon, and saw 4 of its levels.

You collected 163 gold pieces.
You paid 53 gold pieces to Gozag.

Inventory:

Hand Weapons
 f - a +0 short sword of electrocution (weapon)
Armour
 a - a +0 robe (worn)
 g - a +0 pair of boots (worn)
 o - a +2 cloak (worn)
Scrolls
 c - a scroll of enchant weapon {unknown}
 d - a scroll of brand weapon {unknown}
 e - 2 scrolls of noise
 h - 3 scrolls of identify {unknown}
 k - a scroll of fear {unknown}
 l - a scroll of teleportation {unknown}
 m - a scroll of blinking {unknown}
 p - a scroll of enchant armour {unknown}
Potions
 b - a potion of magic
 i - a potion of heal wounds {unknown}
 j - a potion of might {unknown}
 n - a potion of curing {unknown}


   Skills:
 - Level 1.5 Dodging
 - Level 2.1 Stealth
 * Level 4.0 Spellcasting
 + Level 1.3 Conjurations
 + Level 1.0 Necromancy
 - Level 0.7 Transmutations
 + Level 4.8 Earth Magic


You had 8 spell levels left.
You knew the following spells:

 Your Spells              Type           Power      Damage    Failure   Level
a - Sandblast             Erth           38%        2d10      2%          1
b - Stone Arrow           Conj/Erth      28%        3d8       13%         3

Your spell library contained the following spells:

 Spells                   Type           Power      Damage    Failure   Level
 Passwall                 Tmut/Erth      10%        N/A       8%          2
 Necrotise                Necr           28%        1d5       11%         1
 Apportation              Tloc           6%         N/A       16%         1
 Summon Small Mammal      Summ           12%        N/A       16%         1
 Static Discharge         Conj/Air       10%        2-3/arc   19%         2
 Vhi's Electric Charge    Tloc/Air       6%         N/A       43%         3
 Petrify                  Tmut/Erth      12%        N/A       45%         4
 Manifold Assault         Tloc           3%         N/A       83%         4
 Arcjolt                  Conj/Air       2%         1d12      97%         5
 Lightning Bolt           Conj/Air       2%         1d14      97%         5
 Dispersal                Tloc           1%         N/A       100%        6
 Disjunction              Tloc           1%         N/A       100%        8


Dungeon Overview and Level Annotations

Branches:
Dungeon (4/15)
 Temple: D:4-7

Altars:
Dithmenos
Gozag
Sif Muna
Trog

Annotations:
D:4 Edmund


Innate Abilities, Weirdness & Mutations

You are immune to sickness and miasma.
Your stone body is resilient. (AC +4)
You are immune to poison.
You resist negative energy. (rN+)
You are resistant to electric shocks. (rElec)
You are resistant to unholy torment.
You are immune to petrification.
You are frail. (-10% HP)
Your movements are slightly less encumbered by armour. (ER -2)


Message History

Found a stone staircase leading down.
Edmund and an orc come into view.
Edmund is wielding a +0 heavy flail and wearing a +1 ring mail of poison resistance.
Found a pair of gloves.
Casting: Sandblast (safe; 2% risk of failure)
Confirm with . or Enter, or press ? or * to list all spells.
The spell is quite dangerous to miscast (13% risk of failure)!
Continue anyway?
Aiming: Stone Arrow (quite dangerous; 13% risk of failure)
Press: ? - help, Shift-Dir - straight line, f - Edmund
Aim: Edmund, wielding a +0 heavy flail and wearing a +1 ring mail of poison resistance (asleep, 100% to hit)
The stone arrow hits Edmund!
Edmund is moderately wounded.
Edmund shouts!
The orc shouts!
You hear a shout! x2
An orc comes into view. It is wielding a +0 hand axe.
An orc priest comes into view. It is wielding a +0 club.
Casting: Stone Arrow (quite dangerous; 13% risk of failure)
Confirm with . or Enter, or press ? or * to list all spells.
The spell is quite dangerous to miscast (13% risk of failure)!
Continue anyway?
Aiming: Stone Arrow (quite dangerous; 13% risk of failure)
Press: ? - help, Shift-Dir - straight line, f/p - Edmund
Aim: Edmund, wielding a +0 heavy flail and wearing a +1 ring mail of poison resistance (moderately wounded, 72% to hit)
The stone arrow hits Edmund!
Edmund is heavily wounded.
The orc shouts!
An orc comes into view. It is wielding a +0 club.
Casting: Stone Arrow (quite dangerous; 13% risk of failure)
Confirm with . or Enter, or press ? or * to list all spells.
The spell is quite dangerous to miscast (13% risk of failure)!
Continue anyway?
Aiming: Stone Arrow (quite dangerous; 13% risk of failure)
Press: ? - help, Shift-Dir - straight line, f/p - Edmund
Aim: Edmund, wielding a +0 heavy flail and wearing a +1 ring mail of poison resistance (heavily wounded, 72% to hit)
The stone arrow misses Edmund.
The stone arrow hits the orc!
You kill the orc!
The orc shouts!
An orc comes into view. It is wielding a +0 hand axe.
Edmund hits you with a +0 heavy flail!
Ouch! That really hurt!
Edmund attacks as you move away! Edmund hits you with a +0 heavy flail!
You die...
Your body crumbles into a pile of gold.

#.##.#_...## $
#.##.###.## ..o..
#.##.###.# o....
######.##..#..# .o.o..
.........##...### ..$...
........#.##.##.##......
.######.#..#_#..#.......
#.#..###..#@......
#.#.......@.......
#.#.....#.##.....[
....>........ .....
##.#.###.####......
#.#.##... ..... # #.
#...# # #. #. #...#
#..##


You could see Edmund, an orc priest and 3 orcs.

Vanquished Creatures
  Crazy Yiuf (D:2)
  Terence (D:2)
  An orc wizard (D:3)
  Robin (D:2)
  An adder (D:3)
  3 worms
  A dart slug (D:1)
  5 orcs
  3 ball pythons (D:2)
  4 endoplasms
  13 goblins
  5 hobgoblins
  3 jackals (D:1)
  3 quokkas
  6 bats
  3 frilled lizards
  A kobold (D:2)
  7 rats
62 creatures vanquished.

Notes
Turn   | Place    | Note
-------+----------+-------------------------------------------
     0 | D:1      | Crownlay the Gargoyle Earth Elementalist began the quest
                  | for the Orb.
     0 | D:1      | Reached XP level 1. HP: 10/10 MP: 3/3
   193 | D:1      | Reached XP level 2. HP: 15/15 MP: 3/5
   229 | D:1      | Found a faded altar of an unknown god.
   877 | D:2      | Noticed Robin
   880 | D:2      | Reached XP level 3. HP: 19/19 MP: 4/7
   908 | D:2      | Gained mutation: Your movements are slightly less
                  | encumbered by armour. (ER -2) [potion of mutation]
   908 | D:2      | Gained mutation: You are frail. (-10% HP) [potion of
                  | mutation]
   921 | D:2      | Killed Robin
  1026 | D:2      | Found a shadowy altar of Dithmenos.
  1102 | D:2      | Learned a level 3 spell: Stone Arrow
  1160 | D:2      | Reached XP level 4. HP: 21/21 MP: 7/9
  1290 | D:2      | Noticed Terence
  1305 | D:2      | Killed Terence
  1488 | D:2      | Found a runed translucent door.
  1489 | D:2      | Noticed Crazy Yiuf
  1789 | D:3      | Reached skill level 1 in Conjurations
  1789 | D:3      | Reached XP level 5. HP: 25/25 MP: 4/10
  2234 | D:2      | Killed Crazy Yiuf
  2235 | D:2      | Reached skill level 1 in Necromancy
  2500 | D:4      | Found an opulent altar of Gozag.
  2500 | D:4      | Found a bloodstained altar of Trog.
  2506 | D:4      | Found a faded altar of an unknown god.
  2508 | D:4      | Became a worshipper of Gozag Ym Sagoz the Greedy
  2512 | D:4      | Found a shimmering blue altar of Sif Muna.
  2514 | D:4      | Found a faded altar of an unknown god.
  2542 | D:4      | Noticed Edmund
  2546 | D:4      | Slain by Edmund

Illustrated notes

Levels and vault maps discovered:
D:1:      scummos_arrival_forest, layout_loops_ring,
          ebering_ecumenical_altar_hall, serial_glass, glass_columns_c,
          glass_columns_b
D:2:      layout_rooms, basic_altar, uniq_crazy_yiuf_cottage, uniq_robin,
          uniq_terence
D:3:      layout_basic
D:4:      layout_basic, chequers_temple_overflow_minitemple, minmay_liquid_box,
          uniq_edmund

Skill      XL: |  1  2  3  4  5 |
---------------+----------------+-----
Earth Magic    | 4 |  4.8
Spellcasting   | 3 4 |  4.0
Conjurations   | 1 |  1.3
Necromancy     | 1 |  1.0
Dodging        | |  1.5
Stealth        | |  2.1
Transmutations | |  0.7

Action                     |  1- 3 |  4- 6 || total
---------------------------+-------+-------++-------
  Melee: Short sword       |    17 |       ||    17
   Cast: Sandblast         |    37 |    34 ||    71
         Stone Arrow       |       |     5 ||     5
    Use: Potion            |     2 |       ||     2
         Scroll            |       |     1 ||     1
 Armour: Robe              |    19 |     1 ||    20
  Dodge: Dodged            |    22 |     2 ||    24

Table legend: (Time is in decaauts)
 A = Elapsed time spent in this place.
 B = Non-inter-level travel time spent in this place.
 C = Inter-level travel time spent in this place.
 D = Time resting spent in this place.
 E = Time spent auto-exploring this place.
 F = Levels seen in this place.
 G = Mean time per level.
                   A        B        C        D        E       F      G
               +--------+--------+--------+--------+--------+-----+--------+
         Total |   2581 |   2485 |     96 |      0 |   2116 |   4 |  645.2 |
       Dungeon |   2581 |   2485 |     96 |      0 |   2116 |   4 |  645.2 |
               +--------+--------+--------+--------+--------+-----+--------+

Top non-repeatable levels by time:
     D:2: 984 daAuts
     D:1: 809 daAuts
     D:3: 604 daAuts
     D:4: 183 daAuts
